Map: 凯罗斯中转站-天梯版

Players

EnDerr - Winner!

  • Race: Zerg Zerg
  • League: Diamond

Seventy

  • Race: Protoss Protoss
  • League: Diamond

Event: WESG 2018 Grand Finals

VOD

Have the link to the VOD?

Description

Time

  • Played on: March 12, 2019, 3:51 a.m.
  • Length: 7:28

All games in this series

Show
View Real Time Build Order
Export as new Build Order

EnDerr Zerg - Winner!

Build Orders: Pool First 

Get SALT Encoding   

  12  0:00  Drone  
  13  0:08  Drone  
  14  0:17  Overlord  
  14  0:35  Drone x3  
  17  0:45  Spawning Pool  
  17  0:48  Drone  
  17  0:57  Drone  
  17  1:01  Extractor  
  17  1:08  Drone  
  18  1:19  Drone, Extractor  
  18  1:31  Queen, Drone  
  21  1:37  Roach Warren  
  20  1:44  Overlord  
  20  2:16  Roach x2  
  20  2:17  Roach  
  20  2:18  Hatchery  
  25  2:31  Roach  
  25  2:36  Ravager  
  30  2:37  Ravager x2  
  30  2:39  Overlord  
  30  2:57  Ravager  
  31  2:59  Drone  
  31  3:00  Drone x2  
  34  3:07  Metabolic Boost  
  34  3:21  Drone x3  
  34  3:22  Drone  
  38  3:40  Drone x2  
  40  3:48  Hatchery  
  39  3:52  Drone x2  
  39  3:53  Drone  
  42  3:59  Overlord  
  42  4:05  Drone  
  42  4:06  Drone  
  44  4:17  Queen, Zergling x6  
  44  4:18  Zergling x4  
  44  4:21  Zergling x2  
  52  4:28  Overlord  
  52  4:44  Lair  
  52  4:49  Overlord x3  
  52  4:59  Queen  
  45  5:14  Drone  
  45  5:15  Drone x4  
  45  5:16  Drone x3  
  45  5:20  Drone x2  
  49  5:24  Drone  
  49  5:25  Roach x2  
  49  5:26  Roach x2  
  49  5:27  Roach  
  58  5:30  Roach  
  58  5:33  Extractor  
  58  5:40  Drone  
  59  5:45  Zergling x8  
  59  5:46  Overseer  
  63  5:52  Overlord  
  63  6:02  Drone  
  63  6:03  Drone  
  65  6:05  Roach x3  
  65  6:06  Roach x3  
  65  6:08  Zergling x4  
  79  6:14  Roach x2  
  79  6:18  Overlord  
  83  6:21  Roach  
  83  6:22  Roach  
  86  6:28  Zergling x6  
  89  6:35  Overlord  
  89  6:37  Ravager x3  
  89  6:39  Zergling x8  
  96  6:46  Overlord  
  96  6:47  Overlord x2  
  96  6:56  Zergling x4  
  96  6:58  Overlord  
  95  7:10  Ravager  
  95  7:11  Ravager  
  95  7:12  Ravager  
  95  7:13  Ravager  
Show
View Real Time Build Order
Export as new Build Order

Seventy Protoss 

Build Orders:  

Get SALT Encoding   

  1  0:00  Probe  
  12  0:05  Probe  
  14  0:17  Pylon  
  14  0:21  Probe  
  15  0:35  Gateway  
  15  0:38  Probe  
  16  0:51  Probe  
  16  0:52  Assimilator  
  17  1:00  Probe  
  18  1:09  Probe  
  18  1:17  Probe  
  19  1:23  Gateway  
  19  1:25  Cybernetics Core  
  20  1:29  Gateway  
  20  1:31  Cybernetics Core  
  20  1:33  Zealot  
  20  1:39  Probe  
  23  1:45  Pylon  
  23  1:56  Assimilator  
  23  1:59  Warp Gate  
  23  2:00  Stalker  
  23  2:03  Probe  
  24  2:15  Pylon, Probe  
  27  2:27  Stalker, Probe  
  30  2:35  Shield Battery  
  30  2:39  Probe  
  31  2:50  Sentry  
  31  3:03  Robotics Facility  
  31  3:11  Stalker  
  29  3:44  Nexus  
  29  3:45  Pylon  
  29  3:50  Shield Battery  
  29  3:51  Shield Battery  
  29  3:52  Stalker  
  31  3:57  Pylon  
  31  3:58  Warp Prism  
  33  4:12  Probe  
  34  4:18  Sentry  
  34  4:20  Sentry  
  38  4:25  Probe  
  39  4:37  Probe  
  40  4:49  Probe  
  40  4:50  Stalker  
  40  4:51  Stalker  
  45  4:56  Gateway  
  39  5:17  Zealot x2  
  39  5:19  Probe  
  39  5:20  Probe  
  38  5:32  Probe x2  
  40  5:40  Probe x2  
  40  5:45  Twilight Council  
  42  5:51  Probe x2  
  42  5:52  Stalker x2  
  48  6:04  Probe  
  48  6:08  Probe  
  48  6:11  Immortal  
  54  6:16  Pylon  
  54  6:28  Stalker  
  54  6:29  Stalker x2  
  54  6:31  Probe  
  59  6:36  Probe  
  59  6:43  Probe  
  61  6:47  Probe  
  62  6:56  Sentry x2  
  58  7:11  Stalker  
  50  7:25  Stalker  
Tags
 
Add a new tag
Caveats
  • Supply blocks, unpowered buildings, or Contaminate may cause inaccurate times.
  • Supply counts are checked every 10 seconds.